 Dungeon Crawl Stone Soup version 0.29-a0-620-g13ace881f2 (webtiles) character file.

Game seed: 13420089644456278843

17 lesaewzxc the Chiller (level 2, 0/20 HPs)
             Began as a Barachi Ice Elementalist on June 18, 2022.
             Was a High Priest of Ignis.
             Succumbed to an adder's poison
             ... on level 2 of the Dungeon.
             The game lasted 00:05:18 (915 turns).

lesaewzxc the Chiller (Barachi Ice Elementalist)     Turns: 915, Time: 00:05:18

Health: 0/20       AC:  2    Str:  9    XL:     2   Next: 62%
Magic:  0/5        EV: 12    Int: 15    God:    Ignis [*****.]
Gold:   54         SH:  0    Dex: 12    Spells: 4/5 levels left

rFire   + . .      SeeInvis +   c - +0 dagger
rCold   . . .      Faith    .   (no shield)
rNeg    . . .      Spirit   .   a - +0 robe
rPois   .          Reflect  .   (no helmet)
rElec   .          Harm     .   (no cloak)
rCorr   .          Rampage  .   (no gloves)
Will    .....                   (no boots)
Stlth   ++........              (no amulet)
HPRegen 0.06/turn               d - ring of see invisible
MPRegen 0.09/turn               (no ring)

@: lethally poisoned (0 -> -3), slow
A: amphibious, slowness 1, strong legs 1, +LOS
a: Hop, Renounce Religion, Fiery Armour, Foxfire Swarm, Rising Flame


You were on level 2 of the Dungeon.
You worshipped Ignis.
Ignis was extremely pleased with you.
You visited 1 branch of the dungeon, and saw 2 of its levels.

You collected 54 gold pieces.

Inventory:

Hand Weapons
 c - a +0 dagger (weapon)
Armour
 a - a +0 robe (worn)
Jewellery
 d - a ring of see invisible (left hand)
Scrolls
 e - a scroll of identify {unknown}
 f - a scroll of magic mapping {unknown}
Potions
 b - 2 potions of magic


   Skills:
 + Level 0.9 Fighting
 + Level 0.5 Short Blades
 + Level 2.3 Dodging
 + Level 2.0 Stealth
 + Level 2.3 Spellcasting
 + Level 0.2 Conjurations
 + Level 5.0 Ice Magic


You had 4 spell levels left.
You knew the following spells:

 Your Spells              Type           Power      Damage    Failure   Level
a - Freeze                Ice            64%        1d8       2%          1

Your spell library contained the following spells:

 Spells                   Type           Power      Damage    Failure   Level
 Frozen Ramparts          Ice            32%        1d5       9%          3
 Ozocubu's Armour         Ice            16%        N/A       9%          3
 Sting                    Tmut/Pois      4%         1d3       22%         1
 Poisonous Vapours        Pois/Air       2%         N/A       32%         2
 Hailstorm                Conj/Ice       9%         3d4       58%         4
 Olgreb's Toxic Radiance  Pois           1%         N/A       91%         4


Dungeon Overview and Level Annotations

Branches:
Dungeon (2/15)

Altars:
Ignis


Innate Abilities, Weirdness & Mutations

You are amphibious.
You cover ground slowly.
You can hop short distances.
You have an extended range of vision and can be seen from far away.


Message History

Aiming: Freeze (safe; 2% risk of failure)
Press: ? - help, Q - select action, (/) - cycle Shift-Dir - straight line, f/p - adder
Aim: an adder (moderately wounded)
You freeze the adder.
The adder is moderately wounded.
The adder seems to slow down.
* * * LOW HITPOINT WARNING * * *
You feel sick. The adder bites you.
* * * LOW HITPOINT WARNING * * *
The adder bites you.
* * * LOW HITPOINT WARNING * * *
Aiming: Freeze (safe; 2% risk of failure)
Press: ? - help, Q - select action, (/) - cycle Shift-Dir - straight line, f - adder, p - adder
Aim: an adder (almost dead, slow)
Okay, then.
Aiming: Freeze (safe; 2% risk of failure)
Press: ? - help, Q - select action, (/) - cycle Shift-Dir - straight line, f - adder, p - adder
Aim: an adder (almost dead, slow)
You freeze the adder!
You kill the adder!
* * * LOW HITPOINT WARNING * * *
You feel sick. The adder barely misses you.
Your Stealth skill increases to level 2!
Your Ice Magic skill increases to level 5!
Aiming: Freeze (safe; 2% risk of failure)
Press: ? - help, Q - select action, (/) - cycle Shift-Dir - straight line, f - adder
Aim: an adder (moderately wounded, slow)
You freeze the adder.
The adder is severely wounded.
* * * LOW HITPOINT WARNING * * *
You feel sick.
The adder is no longer moving slowly.
The adder closely misses you.
You don't have enough magic to cast this spell.
You hit the adder.
The adder is almost dead.
* * * LOW HITPOINT WARNING * * *
You feel sick. The adder closely misses you.
You hit the adder.
You kill the adder!
You die...

#.... #.# ....
#.# ###...###.#
#.#.#.#.#.##
..........####.#
.#.#.#.#.#....
...........#
##.#.#.#.#<#.#
#......@††...#
##.#.#.#.#.###
........#
#.#.#.#.##
..........#
#.#.#.#.#.##
###########


There were no monsters in sight!

Vanquished Creatures
  2 adders (D:2)
  2 giant cockroaches (D:1)
  A kobold (D:1)
  2 quokkas (D:1)
  A ball python (D:2)
  A bat (D:1)
9 creatures vanquished.

Notes
Turn   | Place    | Note
-------+----------+-------------------------------------------
     0 | D:1      | lesaewzxc the Barachi Ice Elementalist began the quest for
                  | the Orb.
     0 | D:1      | Reached XP level 1. HP: 13/13 MP: 3/3
   200 | D:1      | Found a faded altar of an unknown god.
   207 | D:1      | Prayed at the altar of an unknown god.
   207 | D:1      | Became a worshipper of Ignis, the Dying Flame
   441 | D:1      | Reached XP level 2. HP: 17/20 MP: 1/5
   913 | D:2      | Reached skill level 5 in Ice Magic
   914 | D:2      | HP: 1/20 [poisoned by an adder]
   915 | D:2      | Succumbed to an adder's poison

Illustrated notes

Levels and vault maps discovered:
D:1:      minmay_arrival_arboretum_small, layout_basic,
          shapermc_ecumenical_altar_acropolis
D:2:      layout_basic, serial_shops, nicolae_shop_statue_plus, basic_altar,
          serial_co_window_serial, co_window_of_opportunity_a,
          co_window_corner_a, co_window_paths_b, co_window_paths_a,
          co_window_corner_a, co_window_paths_b, co_window_of_opportunity_a,
          co_window_unsneaky_path_e, co_window_corner_cb, co_window_broadway_b,
          co_window_paths_c, co_window_paths_d, co_window_paths_e,
          glass_columns_a, glass_columns_a, glass_columns_a,
          kennysheep_nondescript, st_stairs_10, minmay_pentomino_r2

Skill      XL: |  1  2 |
---------------+-------+-----
Stealth        | 2 |  2.0
Ice Magic      | 5 |  5.0
Fighting       | |  0.9
Short Blades   | |  0.5
Dodging        | |  2.3
Spellcasting   | |  2.3
Conjurations   | |  0.2

Action                   || total
-------------------------++-------
Melee: Dagger            ||    22
 Cast: Freeze            ||    10
  Use: Scroll            ||     1
       Potion            ||     1
Armor: Robe              ||     3
Dodge: Dodged            ||    23

Table legend: (Time is in decaauts)
 A = Elapsed time spent in this place.
 B = Non-inter-level travel time spent in this place.
 C = Inter-level travel time spent in this place.
 D = Time resting spent in this place.
 E = Time spent auto-exploring this place.
 F = Levels seen in this place.
 G = Mean time per level.
                   A        B        C        D        E       F      G
               +--------+--------+--------+--------+--------+-----+--------+
         Total |   1049 |   1049 |      0 |      0 |    352 |   2 |  524.5 |
       Dungeon |   1049 |   1049 |      0 |      0 |    352 |   2 |  524.5 |
               +--------+--------+--------+--------+--------+-----+--------+

Top non-repeatable levels by time:
     D:1: 1036 daAuts
     D:2: 13 daAuts
